 Dungeon Crawl Stone Soup version 0.30-a0-756-gc2185399d4 (webtiles) character file.

Game seed: 15510137869167114950

178 mopl the Sneak (level 5, -1/26 HPs)
             Began as a Vine Stalker Brigand on Feb 9, 2023.
             Slain by Grinder (2 damage)
             ... on level 3 of the Dungeon.
             The game lasted 00:02:29 (2286 turns).

mopl the Sneak (Vine Stalker Brigand)               Turns: 2286, Time: 00:02:30

Health: -1/26      AC:  3    Str: 14    XL:     5   Next: 58%
Magic:  0/6        EV: 11    Int: 11    God:
Gold:   281        SH:  0    Dex: 17    Spells: 4/4 levels left

rFire   . . .      SeeInvis .    a - +2 dagger
rCold   . . .      Faith    .    (no shield)
rNeg    + . .      Spirit   +    b - +0 robe
rPois   .          Reflect  .    (no helmet)
rElec   .          Harm     .    c - +0 cloak
rCorr   .          Rampage  .    (no gloves)
Will    +....                    (no boots)
Stlth   +++                      u - amulet of the acrobat
HPRegen 1.04/turn                r - ring of willpower
MPRegen 0.10/turn                t - ring of positive energy

@: no status effects
A: fangs 2, regeneration 1, magic shield, antimagic bite, no potion heal 2
a: no special abilities


You were on level 3 of the Dungeon.
You visited 1 branch of the dungeon, and saw 4 of its levels.

You collected 281 gold pieces.

Inventory:

Hand Weapons
 a - a +2 dagger (weapon)
Missiles
 d - 15 poisoned darts (quivered)
 e - 3 curare-tipped darts
Armour
 b - a +0 robe (worn)
 c - a +0 cloak (worn)
Magical Staves
 j - a staff of poison
Jewellery
 r - a ring of willpower (left hand)
 t - a ring of positive energy (right hand)
 u - an amulet of the acrobat (around neck)
Wands
 v - a wand of roots (7)
Scrolls
 f - 2 scrolls of poison {unknown}
 g - 3 scrolls of amnesia {unknown}
 h - 2 scrolls of noise {unknown}
 m - a scroll of blinking {unknown}
 n - a scroll of magic mapping {unknown}
 o - a scroll of identify {unknown}
 s - 2 scrolls of teleportation {unknown}
Potions
 i - 4 potions of curing {unknown}
 k - a potion of flight {unknown}
 l - a potion of resistance {unknown}
 p - 2 potions of ambrosia {unknown}
 q - a potion of magic {unknown}


   Skills:
 - Level 1.7 Fighting
 + Level 3.2 Short Blades
 + Level 3.2 Throwing
 - Level 0.7 Dodging
 + Level 6.2 Stealth


You had 4 spell levels left.
You didn't know any spells.
Your spell library was empty.

Dungeon Overview and Level Annotations

Branches:
Dungeon (4/15)
 Temple: D:4-7

Altars:
Makhleb

Annotations:
D:3 3 runed translucent doors, Grinder; caveywoolpert's ghost, amateur DsEE


Innate Abilities, Weirdness & Mutations

You have extremely sharp teeth.
Your natural rate of healing is unusually fast.
When hurt, damage is shared between your health and your magic reserves.
Your bite disrupts and absorbs the magic of your enemies.
Potions cannot restore your health.


Message History

Grinder is lightly wounded.
Grinder hits you.
You hit Grinder. Your bite misses Grinder.
Grinder is lightly wounded.
Grinder barely misses you.
You hit Grinder but do no damage. Your bite misses Grinder.
Grinder is lightly wounded.
Grinder gestures at you.
You easily resist.
You hit Grinder but do no damage. Your bite misses Grinder.
Grinder is lightly wounded.
Grinder falters for a moment.
You barely miss Grinder.
Grinder is lightly wounded.
Grinder falters for a moment.
You hit Grinder but do no damage. You bite Grinder.
Grinder's magic leaks into the air.
You drain her magic.
You feel invigorated.
Grinder is moderately wounded.
You barely miss Grinder.
Grinder is moderately wounded.
Grinder hits you!
You closely miss Grinder. You bite Grinder, but do no damage.
Grinder is moderately wounded.
Grinder hits you!
* * * LOW HITPOINT WARNING * * *
You writhe in agony.
* * * LOW HITPOINT WARNING * * *
You hit Grinder.
Grinder is moderately wounded.
Grinder falters for a moment.
You barely miss Grinder. You bite Grinder.
Grinder's magic leaks into the air.
You drain her magic.
You feel invigorated.
Grinder is moderately wounded.
Grinder barely misses you.
You hit Grinder.
Grinder is heavily wounded.
Grinder hits you.
* * * LOW HITPOINT WARNING * * *
You writhe in agony.
You die...

.##.....## #.# #....# #.#
......#..## ###># #....# #.#
....####..###...# #.|..### #.#
....).........#########...# #.#
....#####.........#######.# #.#
.##..#######........(....>## #.#
.###....#....###)......#...###.#
.# ####....###########.....†...#
.#######.#...#..@..# ###.#.######
.....##..###....5..#####...#...>.
........## ##...............)....
.....#########.....#######.#.....
<....##.....######## #.....##
.............## #####.##
#####..<......# #...
#.........###################
#........)##.................


You could see Grinder (magic disrupted).

Vanquished Creatures
  Jessica (D:3)
  Ijyb (D:4)
  4 adders
  A worm (D:3)
  3 dart slugs (D:3)
  An orc (D:4)
  7 ball pythons
  3 bats
  6 endoplasms
  3 giant cockroaches
  8 hobgoblins
  8 jackals
  4 kobolds
  A quokka (D:3)
  6 frilled lizards
  16 goblins
  3 rats
76 creatures vanquished.

Notes
Turn   | Place    | Note
-------+----------+-------------------------------------------
     0 | D:1      | mopl the Vine Stalker Brigand began the quest for the Orb.
     0 | D:1      | Reached XP level 1. HP: 11/11 MP: 2/2
   124 | D:1      | Reached skill level 2 in Short Blades
   124 | D:1      | Reached skill level 2 in Throwing
   124 | D:1      | Reached skill level 5 in Stealth
   125 | D:1      | Reached XP level 2. HP: 5/15 MP: 0/3
   404 | D:1      | Reached XP level 3. HP: 18/18 MP: 4/4
  1285 | D:2      | Gained mutation: Your natural rate of healing is unusually
                  | fast. [Vine Stalker growth]
  1285 | D:2      | Reached XP level 4. HP: 19/23 MP: 3/5
  1675 | D:3      | Noticed Jessica
  1677 | D:3      | Killed Jessica
  1730 | D:3      | Reached skill level 6 in Stealth
  1731 | D:3      | Reached XP level 5. HP: 21/26 MP: 3/6
  1733 | D:3      | Reached skill level 3 in Throwing
  1754 | D:3      | Reached skill level 3 in Short Blades
  2030 | D:3      | Found a runed translucent gate.
  2030 | D:3      | Found a runed translucent gate.
  2030 | D:3      | Found a runed translucent gate.
  2030 | D:3      | Noticed caveywoolpert's ghost (amateur DsEE)
  2162 | D:4      | Noticed Ijyb
  2183 | D:4      | Killed Ijyb
  2220 | D:4      | Noticed a phantom
  2258 | D:4      | Found a burning altar of Makhleb.
  2259 | D:4      | Noticed Grinder
  2270 | D:3      | Paralysed by Grinder for 4 turns
  2286 | D:3      | HP: 1/26 [Grinder (3)]
  2286 | D:3      | Slain by Grinder

Illustrated notes

Levels and vault maps discovered:
D:1:      saegor_arrival_simple_d, layout_basic, minmay_vboxes
D:2:      cheibrodos_greedy_goblins, layout_basic
D:3:      layout_rooms, gammafunk_ghost_necromancy, serial_park_tiny_2,
          chequers_serial_rivers_room_a, uniq_jessica
D:4:      layout_cave_pools, mainiacjoe_overflow_alcove_1,
          nicolae_ossuary_entry_catacombs, eino_tiny_chamber, uniq_grinder,
          uniq_ijyb

Skill      XL: |  1  2  3  4  5 |
---------------+----------------+-----
Short Blades   | 2 3 |  3.2
Throwing       | 2 3 |  3.2
Stealth        | 5 6 |  6.2
Fighting       | |  1.7
Dodging        | |  0.7

Action                     |  1- 3 |  4- 6 || total
---------------------------+-------+-------++-------
  Melee: Dagger            |    80 |   129 ||   209
         Bite              |    17 |    36 ||    53
         Punch             |       |     2 ||     2
   Stab: Sleeping          |    13 |     8 ||    21
 Armour: Robe              |    18 |    27 ||    45
  Dodge: Dodged            |    45 |    80 ||   125

Table legend: (Time is in decaauts)
 A = Elapsed time spent in this place.
 B = Non-inter-level travel time spent in this place.
 C = Inter-level travel time spent in this place.
 D = Time resting spent in this place.
 E = Time spent auto-exploring this place.
 F = Levels seen in this place.
 G = Mean time per level.
                   A        B        C        D        E       F      G
               +--------+--------+--------+--------+--------+-----+--------+
         Total |   2256 |   2223 |     33 |     24 |   1730 |   4 |  564.0 |
       Dungeon |   2256 |   2223 |     33 |     24 |   1730 |   4 |  564.0 |
               +--------+--------+--------+--------+--------+-----+--------+

Top non-repeatable levels by time:
     D:1: 838 daAuts
     D:2: 754 daAuts
     D:3: 566 daAuts
     D:4: 97 daAuts
